 Dungeon Crawl Stone Soup version 0.26.1-11-gd32895ea62 (webtiles) character file.

Game seed: 3370776007367389606

139973 phalm the Thaumaturge (level 17, -8/131 HPs)
             Began as a Gnoll Conjurer on June 3, 2021.
             Was the Champion of Cheibriados.
             Mangled by a bunyip (24 damage)
             ... on level 3 of the Swamp.
             The game lasted 01:50:32 (43641 turns).

phalm the Thaumaturge (Gnoll Conjurer)             Turns: 43641, Time: 01:50:33

Health: -8/131     AC: 14    Str: 25    XL:     17   Next: 29%
Magic:  34/51      EV: 27    Int: 42    God:    Cheibriados [******]
Gold:   2498       SH: 20    Dex: 36    Spells: 14/40 levels left

rFire    . . .     SeeInvis +   j - staff of cold {!a}
rCold    + . .     Faith    .   N - +0 kite shield
rNeg     . . .     Spirit   .   L - +1 leather armour of the Yeti {MP+9}
rPois    +         Reflect  +   S - +2 helmet {SInv}
rElec    .         Harm     .   D - scarf {repulsion}
rCorr    .         Rampage  .   z - +0 pair of gloves
Will     +....                  I - +2 pair of boots {Fly}
Stlth    ++++++....             x - amulet of reflection
HPRegen  0.31/turn              W - ring of magical power
MPRegen  0.32/turn              d - ring "Qinuipn" {rPois Dex+7}

@: flying, repel missiles, very slow
A: distributed training, fangs 1, strong nose
a: Stop Flying, Renounce Religion, Bend Time, Temporal Distortion, Slouch, Step
From Time


You were on level 3 of the Swamp.
You worshipped Cheibriados.
Cheibriados was exalted by your worship.
You visited 5 branches of the dungeon, and saw 27 of its levels.
You also visited: Sewer, Ossuary, Bailey and Ice Cave.

You collected 3876 gold pieces.
You spent 1378 gold pieces at shops.


Innate Abilities, Weirdness & Mutations

Your experience applies equally to all skills.
You have very sharp teeth.
Your uncanny sense of smell can sniff out nearby items.


   Skills:
 + Level 11.4 Fighting
 + Level 11.4 Short Blades
 + Level 11.4 Long Blades
 + Level 11.4 Axes
 + Level 11.4 Maces & Flails
 + Level 11.4 Polearms
 + Level 11.4 Staves
 + Level 11.4 Slings
 + Level 11.4 Bows
 + Level 11.4 Crossbows
 + Level 11.4 Throwing
 + Level 11.4 Armour
 + Level 12.2 Dodging
 + Level 12.0 Stealth
 + Level 11.4 Shields
 + Level 11.4 Unarmed Combat
 + Level 12.3 Spellcasting
 + Level 11.8 Conjurations
 + Level 9.7 Hexes
 + Level 9.7 Summonings
 + Level 9.7 Necromancy
 + Level 9.7 Translocations
 + Level 9.7 Transmutations
 + Level 9.7 Fire Magic
 + Level 9.7 Ice Magic
 + Level 9.7 Air Magic
 + Level 9.7 Earth Magic
 + Level 9.7 Poison Magic
 + Level 12.3 Invocations
 + Level 11.4 Evocations


You had 14 spell levels left.
You knew the following spells:

 Your Spells              Type           Power        Failure   Level
a - Airstrike             Air            41%          1%          4
f - Fulminant Prism       Conj/Hex       43%          1%          4
l - Lightning Bolt        Conj/Air       43%          1%          5
m - Magic Dart            Conj           100%         0%          1
s - Searing Ray           Conj           100%         1%          2
t - Summon Lightning Spi  Summ/Air       82%          1%          4
B - Blink                 Tloc           N/A          1%          2
X - Iskenderun's Mystic   Conj/Tloc      86%          1%          4

Your spell library contained the following spells:

 Spells                   Type           Power        Failure   Level
 Corona                   Hex            91%          1%          1
 Sandblast                Erth           100%         1%          1
 Shock                    Conj/Air       100%         1%          1
 Summon Small Mammal      Summ           100%         1%          1
 Call Imp                 Summ           82%          1%          2
 Passwall                 Tmut/Erth      68%          1%          2
 Slow                     Hex            82%          1%          2
 Swiftness                Air            82%          1%          2
 Call Canine Familiar     Summ           82%          1%          3
 Dazzling Flash           Conj/Hex       100%         1%          3
 Gell's Gravitas          Tloc           41%          1%          3
 Inner Flame              Hex/Fire       82%          1%          3
 Lesser Beckoning         Tloc           41%          1%          3
 Portal Projectile        Hex/Tloc       100%         1%          3
 Static Discharge         Conj/Air       86%          1%          3
 Summon Guardian Golem    Hex/Summ       82%          1%          3
 Teleport Other           Tloc           82%          1%          3
 Cause Fear               Hex            41%          1%          4
 Leda's Liquefaction      Hex/Erth       41%          1%          4
 Passage of Golubria      Tloc           N/A          1%          4
 Summon Ice Beast         Ice/Summ       100%         1%          4
 Lee's Rapid Deconstruct  Erth           41%          1%          5
 Silence                  Hex/Air        41%          1%          5
 Conjure Ball Lightning   Conj/Air       43%          3%          6
 Invisibility             Hex            82%          6%          6
 Statue Form              Tmut/Erth      54%          6%          6
 Haunt                    Necr/Summ      41%          32%         7
 Borgnjor's Revivificati  Necr           41%          94%         8
 Ignition                 Fire           41%          94%         8
 Infestation              Necr           41%          94%         8
 Necromutation            Tmut/Necr      41%          94%         8
 Death's Door             Necr           41%          100%        9
 Shatter                  Erth           41%          100%        9
 Tornado                  Air            41%          100%        9

Inventory:

Missiles
 k - 5 throwing nets {=f!f}
 l - 2 boomerangs of dispersal {=f!f}
Armour
 t - a +4 ring mail
   (You found it on level 8 of the Dungeon)
 y - the +0 robe of Sif Muna's Benevolence {Str+2 Slay+3 Stlth+}
   (You found it on level 13 of the Dungeon)

   It affects your strength (+2).
   It affects your accuracy and damage with ranged weapons and melee attacks
   (+3).
   It makes you more stealthy.
 z - a +0 pair of gloves (worn)
   (You found it on level 4 of the Dungeon)
 D - a scarf of repulsion (worn)
   (You found it on level 13 of the Dungeon)
 I - a +2 pair of boots of flying (worn)
   (You found it on level 14 of the Dungeon)
 L - the +1 leather armour of the Yeti (worn) {MP+9}
   (You found it on level 2 of the Swamp)

   It affects your magic capacity (+9).
 N - a +0 kite shield (worn)
   (You took it off an orc warlord on level 2 of the Orcish Mines)
 S - a +2 helmet of see invisible (worn)
   (You acquired it on level 2 of the Orcish Mines)
Magical Staves
 j - an uncursed staff of cold (weapon) {!a}
   (You found it on level 10 of the Dungeon)
Jewellery
 d - the ring "Qinuipn" (right hand) {rPois Dex+7}
   (You acquired it on level 10 of the Dungeon)

   [ring of poison resistance]

   It affects your dexterity (+7).
   It protects you from poison.
 f - the ring of the Butterfly {Will+ Str+4}
   (You found it on level 6 of the Lair of Beasts)

   [ring of willpower]

   It affects your strength (+4).
   It affects your willpower, your defense against some magical effects.
 x - an amulet of reflection (around neck)
   (You found it on level 4 of the Lair of Beasts)
 R - an uncursed ring of resist corrosion
   (You found it on level 4 of the Dungeon)
 W - a ring of magical power (left hand)
   (You found it on level 4 of the Dungeon)
Wands
 i - a wand of iceblast (20)
   (You found it in an ice cave)
 o - a wand of enslavement (9)
   (You took it off a centaur on level 14 of the Dungeon)
 p - a wand of polymorph (26)
   (You found it on level 1 of the Lair of Beasts)
 r - a wand of acid (13)
   (You found it on level 3 of the Lair of Beasts)
 v - a wand of paralysis (16)
   (You found it on level 13 of the Dungeon)
 Y - a wand of digging (16)
   (You took it off a skeletal warrior on level 8 of the Dungeon)
 Z - a wand of disintegration (7)
   (You found it on level 1 of the Lair of Beasts)
Scrolls
 a - 2 scrolls of summoning
 c - 17 scrolls of remove curse {@r2}
 e - 6 scrolls of noise {!r}
 g - a scroll of fog
 h - 21 scrolls of teleportation {@r4}
 w - a scroll of enchant armour
 A - 4 scrolls of immolation {!r!r}
 F - 8 scrolls of identify {@r1}
 G - a scroll of enchant weapon
 H - a scroll of amnesia
 J - 3 scrolls of blinking {!r}
 M - 3 scrolls of fear
Potions
 m - 3 potions of ambrosia
 n - 9 potions of heal wounds {@q2}
 q - 13 potions of curing {@q1}
 s - 6 potions of lignification {!q}
 u - 2 potions of invisibility
 B - 3 potions of attraction {!q}
 C - a potion of brilliance
 E - 3 potions of magic
 K - 3 potions of haste {forbidden@q3}
 O - 4 potions of cancellation
 U - a potion of might
Miscellaneous
 b - a tin of tremorstones (2/2)
   (You found it on level 2 of the Orcish Mines)

Dungeon Overview and Level Annotations

Branches:
Dungeon (15/15)            Temple (1/1) D:6            Lair (6/6) D:10
  Swamp (3/4) Lair:4        Snake (0/4) Lair:3        Slime (0/5) Lair:5
    Orc (2/2) D:12            Elf (0/3) Orc:2        Vaults (0/5) D:13
 Depths (0/5) D:15          Sewer (visited)         Ossuary (visited)
 Bailey (visited)           IceCv (visited)

Altars:
Ashenzari
Cheibriados
Dithmenos
Elyvilon
Fedhas
Gozag
Hepliaklqana
Kikubaaqudgha
Makhleb
Nemelex Xobeh
Okawaru
Qazlal
Ru
Sif Muna
Trog
Uskayaw
Vehumet
Wu Jian
Xom
Yredelemnul
Zin
The Shining One
Beogh
Jiyva

Shops:
D:10 (   Orc:2 (?(:

Portals:
Trove: D:14 (give 8 potions of haste)

♣♣♣♣.§≈ ≈≈≈≈≈§v
≈ §≈§§v≈≈ ≈≈
∆.§v§≈≈≈
≈≈.♣♣♣♣♣§§.≈§≈≈
§...?..§v≈..≈≈.
.....≈≈.≈≈F...♣
....≈≈≈@x≈.§§≈§
≈≈≈§≈≈...≈.§.≈≈
w≈§≈≈≈.♣.≈$..≈≈
≈§..≈≈. ♣≈..≈♣.
<.♣♣≈≈. ♣≈≈♣♣ .
♣§?. ♣♣♣ ♣♣≈♣
♣♣


You could see a bunyip, a goliath frog, 2 will-o-the-wisps and a swamp worm.


Message History

You see here a tyrant leech corpse.
You set off the alarm!
A sentinel's mark forms upon you. 😎 MP[+11]
Your mp is fully restored (42).
O - 4 potions of cancellation (gained 1)
Found an escape hatch in the ceiling.
e - 6 scrolls of noise {!r} (gained 1)
You now have 2479 gold pieces (gained 21).
The sentinel's mark upon you fades away.
There is an escape hatch in the ceiling here.
h - 20 scrolls of teleportation {@r4} (gained 1)
You now have 2498 gold pieces (gained 19).
L - a scorched leather armour You start removing your armour.
You continue taking off the +0 robe of Sif Muna's Benevolence {Str+2 Slay+3 Stlth+}. x4
You finish taking off the +0 robe of Sif Muna's Benevolence {Str+2 Slay+3 Stlth+}.
You start putting on your armour.
You continue putting on your scorched leather armour. x5
You finish putting on the +1 leather armour of the Yeti {MP+9}.
h - 21 scrolls of teleportation {@r4} (gained 1)
You see here a human skeleton. 😎 MP[+9]
Your mp is fully restored (51).
c - 17 scrolls of remove curse {@r2} (gained 1)
You see here a human skeleton.
Done exploring.
Done exploring.
(D) Dungeon (T) Temple (L) Lair (S) Swamp (P) Snake Pit (M) Slime Pits (O) Orcish Mines (E) Elven Halls (V) Vaults (U) Depths
Where to? (* - list waypoints, Enter - Swamp:1 @ (x,y), ? - help)
There is a stone staircase leading down here.
You fly downwards.
A bunyip and 2 will-o-the-wisps come into view.
Found 21 gold pieces, a scroll of immolation and a scroll of identify.
Found a stone staircase leading up.
There is a stone staircase leading up here.
Casting: Magic Dart (safe; 0% risk of failure)
Confirm with . or Enter, or press ? or * to list all spells.
You erupt in a blast of force!
The mystic blast hits the bunyip!
The bunyip gives a hideous shriek!
The bunyip is knocked back by the mystic blast.
The will-o-the-wisp gives a chilling moan.
The will-o-the-wisp gestures.
The will-o-the-wisp conjures some foxfire! 😎 MP[-4]
You lost 4 mp, and now have 47/51 mp.
Casting: Iskenderun's Mystic Blast (safe; 1% risk of failure)
Confirm with . or Enter, or press ? or * to list all spells.
Aiming: Lightning Bolt (mildly dangerous; 1% risk of failure)
Press: ? - help, Shift-Dir - straight line You hear a mighty clap of thunder!
The bolt of lightning hits the bunyip!!!
The tree smoulders and burns.
You hear a roar!
You hear a shout! x6
A foxfire comes into view. x2; A goliath frog comes into view.
The will-o-the-wisp gestures.
The will-o-the-wisp conjures some foxfire! 2 foxfires come into view. 😎 MP[-5]
You lost 5 mp, and now have 42/51 mp.
Casting: Lightning Bolt (mildly dangerous; 1% risk of failure)
Confirm with . or Enter, or press ? or * to list all spells.
You erupt in a blast of force!
The mystic blast hits the bunyip!!
The bunyip is knocked back by the mystic blast.
The foxfire hits you!! The foxfire hits you!
The will-o-the-wisp gestures.
The will-o-the-wisp conjures some foxfire! 2 foxfires come into view. 😕 HP[-30] MP[-3]
You take 30 damage, and now have 101/131 hp.
MASSIVE DAMAGE!! (PAUSE)
You lost 3 mp, and now have 39/51 mp.
Casting: Iskenderun's Mystic Blast (safe; 1% risk of failure)
Confirm with . or Enter, or press ? or * to list all spells.
Aiming: Lightning Bolt (mildly dangerous; 1% risk of failure)
Press: ? - help, Shift-Dir - straight line You hear a mighty clap of thunder!
The bolt of lightning misses the bunyip.
The tree smoulders and burns.
You hear a roar!
You hear a shout!
The foxfire hits you!! x2
* * * LOW HITPOINT WARNING * * *
The foxfire hits you.
* * * LOW HITPOINT WARNING * * *
The foxfire hits you!!
* * * LOW HITPOINT WARNING * * *
A swamp worm comes into view.
The will-o-the-wisp gestures.
The will-o-the-wisp conjures some foxfire! 2 foxfires come into view. 😱 HP[-81] MP[-5]
You take 81 damage, and now have 20/131 hp.
MASSIVE DAMAGE!! (PAUSE)
You lost 5 mp, and now have 34/51 mp.
The bunyip claws you.
* * * LOW HITPOINT WARNING * * *
The bunyip claws you!!
You die...

Skill      XL: |  1  2  3  4  5  6  7  8  9 10 11 12 13 14 15 16 17 |
---------------+----------------------------------------------------+-----
Spellcasting   | 5 6 7 8 9 10 11 12 | 12.3
Invocations    | 1 2 3 4 5 6 7 8 9 10 11 12 | 12.3
Fighting       | 1 2 3 4 5 6 7 8 9 10 11 | 11.4
Short Blades   | 1 2 3 4 5 6 7 8 9 10 11 | 11.4
Long Blades    | 1 2 3 4 5 6 7 8 9 10 11 | 11.4
Axes           | 1 2 3 4 5 6 7 8 9 10 11 | 11.4
Maces & Flails | 1 2 3 4 5 6 7 8 9 10 11 | 11.4
Polearms       | 1 2 3 4 5 6 7 8 9 10 11 | 11.4
Staves         | 1 2 3 4 5 6 7 8 9 10 11 | 11.4
Slings         | 1 2 3 4 5 6 7 8 9 10 11 | 11.4
Bows           | 1 2 3 4 5 6 7 8 9 10 11 | 11.4
Crossbows      | 1 2 3 4 5 6 7 8 9 10 11 | 11.4
Throwing       | 1 2 3 4 5 6 7 8 9 10 11 | 11.4
Armour         | 1 2 3 4 5 6 7 8 9 10 11 | 11.4
Shields        | 1 2 3 4 5 6 7 8 9 10 11 | 11.4
Unarmed Combat | 1 2 3 4 5 6 7 8 9 10 11 | 11.4
Evocations     | 1 2 3 4 5 6 7 8 9 10 11 | 11.4
Hexes          | 1 2 3 4 5 6 7 8 9 |  9.7
Summonings     | 1 2 3 4 5 6 7 8 9 |  9.7
Necromancy     | 1 2 3 4 5 6 7 8 9 |  9.7
Translocations | 1 2 3 4 5 6 7 8 9 |  9.7
Transmutations | 1 2 3 4 5 6 7 8 9 |  9.7
Fire Magic     | 1 2 3 4 5 6 7 8 9 |  9.7
Ice Magic      | 1 2 3 4 5 6 7 8 9 |  9.7
Air Magic      | 1 2 3 4 5 6 7 8 9 |  9.7
Earth Magic    | 1 2 3 4 5 6 7 8 9 |  9.7
Poison Magic   | 1 2 3 4 5 6 7 8 9 |  9.7
Dodging        | 5 6 7 8 9 10 11 12 | 12.2
Stealth        | 5 6 7 8 9 10 11 12 | 12.0
Conjurations   | 8 9 10 11 | 11.8

Action                   |  1- 3 |  4- 6 |  7- 9 | 10-12 | 13-15 | 16-18 || total
-------------------------+-------+-------+-------+-------+-------+-------++-------
Melee: Mace              |       |     9 |       |       |       |       ||     9
       Trident           |       |    10 |    99 |    36 |       |       ||   145
       Bite              |       |     1 |     8 |    14 |    42 |    51 ||   116
       Quarterstaff      |       |       |       |    23 |       |       ||    23
       Staff             |       |       |       |    23 |   203 |   246 ||   472
       Unarmed           |       |       |       |       |       |     4 ||     4
 Fire: Hunting sling     |       |       |    14 |     3 |       |       ||    17
Throw: Boomerang         |       |       |       |       |     6 |       ||     6
 Cast: Magic Dart        |    41 |    69 |   271 |   263 |   576 |   127 ||  1347
       Searing Ray       |     3 |    13 |    50 |   110 |   222 |    28 ||   426
       Iskenderun's Myst |       |     1 |     1 |    18 |    53 |     6 ||    79
       Fulminant Prism   |       |       |       |    15 |    21 |     1 ||    37
       Lightning Bolt    |       |       |       |       |   116 |   154 ||   270
       Summon Lightning  |       |       |       |       |     9 |    40 ||    49
       Airstrike         |       |       |       |       |       |     4 ||     4
       Blink             |       |       |       |       |       |     2 ||     2
Invok: Slouch            |       |       |       |       |     1 |     2 ||     3
 Abil: Evoke Flight      |       |       |       |       |     2 |       ||     2
Evoke: Wand              |       |       |       |       |    11 |    15 ||    26
       Tin of tremorston |       |       |       |       |       |     1 ||     1
  Use: Scroll            |       |     6 |    11 |    10 |    11 |     2 ||    40
       Potion            |       |       |     1 |     2 |     1 |     1 ||     5
 Stab: Sleeping          |       |     1 |     2 |     2 |       |     1 ||     6
       Distracted        |       |       |       |       |     1 |     4 ||     5
       Petrified         |       |       |       |       |       |     2 ||     2
Armor: Robe              |       |     4 |    23 |     6 |       |    11 ||    44
       Ring mail         |       |       |       |    30 |   112 |    15 ||   157
       Steam dragon scal |       |       |       |       |     1 |       ||     1
Dodge: Dodged            |     1 |    14 |    73 |   168 |   420 |   203 ||   879
       Repelled          |       |       |       |       |       |     3 ||     3
Block: Buckler           |     1 |     6 |    27 |    78 |   341 |       ||   453
       Reflection        |       |       |       |       |    50 |    34 ||    84
       Kite shield       |       |       |       |       |   107 |   305 ||   412
       Other             |       |       |       |       |       |     1 ||     1

Levels and vault maps discovered:
D:1:      minmay_arrival_solitary_statue, layout_basic
D:2:      layout_rooms, nzn_hepliaklqana_mist_gate, uniq_crazy_yiuf_cottage
D:3:      layout_basic
D:4:      layout_loops_ring, nicolae_overflow_hidden_temple,
          chequers_ossuary_entry_cave, kennysheep_small_circle,
          uniq_blork_the_orc, uniq_sigmund, uniq_edmund
D:5:      layout_loops_corners, grunt_qazlal_clouds, led_sif_book,
          gup_sewer_entry_spiral, biasface_ghost_orc_armoury
D:6:      layout_rooms, demons_altar, minmay_temple_entry_grid, minivault_19,
          chequers_serial_rivers_small_a
D:7:      layout_rooms, grunt_dithmenos_shadows
D:8:      minmay_the_grid_octo_triangle [minmay_the_grid_octo_fan_narrow,
          minmay_the_grid_octo_prize_big_c, minmay_the_grid_octo_chip],
          layout_loops_cross, kennysheep_generic_room_3
D:9:      kennysheep_blocky_hall, layout_loops_corners,
          hangedman_abyss_or_decor_stagger, nicolae_looking_at_the_future
D:10:     layout_cave_pools, dpeg_lair_monsters, serial_shops, shop,
          grunt_decor_mini_mirrors, uniq_harold, uniq_erolcha
D:11:     layout_roguey, nicolae_ashenzari_panopticon
D:12:     layout_roguey, erik_orc_2, centaur_isle
D:13:     layout_gridville, skrybe_vaults_entry_preservation, enter_bailey_4,
          dk_noncrumbling_4
D:14:     cheibrodos_histonic, layout_layer_cave,
          hangedman_decor_diamond_cutter, enter_trove_0, uniq_kirke,
          uniq_josephine
D:15:     hangedman_depths_entry_try_elsewhere_first, layout_basic,
          serial_bayou, serial_bayou_pond_a, serial_bayou_pond_c,
          serial_bayou_shore_b, serial_bayou_ford_a, serial_bayou_pond_d,
          uniq_nessos, uniq_jorgrun
Temple:   minmay_temple_bridge_d
Lair:1:   layout_roguey, special_room, kennysheep_abandoned_house,
          serial_bayou_shore_b
Lair:2:   layout_roguey, infiniplex_staircase_pool_2, lemuel_fruit_fields
Lair:3:   layout_small_grid, minmay_snake_entry_six_corridors,
          portal_ice_cave_rime, basic_altar, grunt_megastairs_3,
          lemuel_fruit_tree, serial_bayou_shore_b
Lair:4:   layout_regular_city, nicolae_swamp_entry_splash_gauntlet,
          minmay_lair_oklob_chamber, serial_bayou_shore_a
Lair:5:   layout_roguey, slime_altar_2, basic_altar, kennysheep_snail_temple
Lair:6:   minmay_lair_end_enchanted_forest, layout_regular_city,
          gammafunk_ghost_berserking_beasts, minivault_23
Swamp:1:  layout_basic_swamp, nicolae_swamp_round_clearing,
          infiniplex_staircase_pool
Swamp:2:  layout_basic_swamp, evilmike_swamp_ruin_house_1, uniq_roxanne
Swamp:3:  layout_basic_swamp, nicolae_swamp_treefoil
Orc:1:    layout_caves
Orc:2:    pubby_orc_utopia, uniq_sonja

Notes
Turn   | Place    | Note
-------+----------+-------------------------------------------
     0 | D:1      | phalm the Gnoll Conjurer began the quest for the Orb.
     0 | D:1      | Reached XP level 1. HP: 13/13 MP: 6/6
     0 | D:1      | magus.rc [v1.9.10]
   163 | D:1      | Reached XP level 2. HP: 19/19 MP: 5/7
   168 | D:1      | Learned a level 2 spell: Searing Ray
   735 | D:2      | Reached skill level 5 in Spellcasting
   735 | D:2      | Reached XP level 3. HP: 25/25 MP: 4/9
   803 | D:2      | Reached skill level 1 in Invocations
   999 | D:2      | Reached skill level 1 in Fighting
   999 | D:2      | Reached skill level 1 in Short Blades
   999 | D:2      | Reached skill level 1 in Long Blades
   999 | D:2      | Reached skill level 1 in Axes
   999 | D:2      | Reached skill level 1 in Maces & Flails
   999 | D:2      | Reached skill level 1 in Polearms
   999 | D:2      | Reached skill level 1 in Staves
   999 | D:2      | Reached skill level 1 in Slings
   999 | D:2      | Reached skill level 1 in Bows
   999 | D:2      | Reached skill level 1 in Crossbows
   999 | D:2      | Reached skill level 1 in Throwing
   999 | D:2      | Reached skill level 1 in Armour
   999 | D:2      | Reached skill level 1 in Shields
   999 | D:2      | Reached skill level 1 in Unarmed Combat
   999 | D:2      | Reached skill level 1 in Evocations
   999 | D:2      | Reached XP level 4. HP: 32/32 MP: 3/11
  1253 | D:2      | Reached skill level 1 in Hexes
  1253 | D:2      | Reached skill level 1 in Summonings
  1253 | D:2      | Reached skill level 1 in Necromancy
  1253 | D:2      | Reached skill level 1 in Translocations
  1253 | D:2      | Reached skill level 1 in Transmutations
  1253 | D:2      | Reached skill level 1 in Fire Magic
  1253 | D:2      | Reached skill level 1 in Ice Magic
  1253 | D:2      | Reached skill level 1 in Air Magic
  1253 | D:2      | Reached skill level 1 in Earth Magic
  1253 | D:2      | Reached skill level 1 in Poison Magic
  1500 | D:2      | Found a hazy altar of Hepliaklqana.
  1623 | D:2      | Found a runed translucent door.
  1624 | D:2      | Noticed Crazy Yiuf
  1630 | D:2      | Killed Crazy Yiuf
  1631 | D:2      | Reached XP level 5. HP: 37/37 MP: 7/12
  1636 | D:2      | Learned a level 4 spell: Fulminant Prism
  1641 | D:2      | Learned a level 4 spell: Iskenderun's Mystic Blast
  1977 | D:3      | Reached skill level 2 in Invocations
  1977 | D:3      | Reached XP level 6. HP: 44/44 MP: 2/13
  2607 | D:3      | Reached skill level 5 in Dodging
  2614 | D:3      | Reached skill level 2 in Fighting
  2614 | D:3      | Reached skill level 2 in Short Blades
  2614 | D:3      | Reached skill level 2 in Long Blades
  2614 | D:3      | Reached skill level 2 in Axes
  2614 | D:3      | Reached skill level 2 in Maces & Flails
  2614 | D:3      | Reached skill level 2 in Polearms
  2614 | D:3      | Reached skill level 2 in Staves
  2614 | D:3      | Reached skill level 2 in Slings
  2614 | D:3      | Reached skill level 2 in Bows
  2614 | D:3      | Reached skill level 2 in Crossbows
  2614 | D:3      | Reached skill level 2 in Throwing
  2614 | D:3      | Reached skill level 2 in Armour
  2614 | D:3      | Reached skill level 2 in Shields
  2614 | D:3      | Reached skill level 2 in Unarmed Combat
  2614 | D:3      | Reached skill level 2 in Evocations
  2992 | D:4      | Noticed Edmund
  3033 | D:4      | Noticed Blork the orc
  3037 | D:4      | Killed Blork the orc
  3070 | D:4      | Reached XP level 7. HP: 25/50 MP: 8/15
  3112 | D:4      | Reached skill level 2 in Hexes
  3112 | D:4      | Reached skill level 2 in Summonings
  3112 | D:4      | Reached skill level 2 in Necromancy
  3112 | D:4      | Reached skill level 2 in Translocations
  3112 | D:4      | Reached skill level 2 in Transmutations
  3112 | D:4      | Reached skill level 2 in Fire Magic
  3112 | D:4      | Reached skill level 2 in Ice Magic
  3112 | D:4      | Reached skill level 2 in Air Magic
  3112 | D:4      | Reached skill level 2 in Earth Magic
  3112 | D:4      | Reached skill level 2 in Poison Magic
  3304 | D:4      | Reached skill level 5 in Stealth
  3310 | D:4      | Found a sand-covered staircase.
  3317 | Ossuary  | Entered an ossuary
  3394 | Ossuary  | Reached skill level 3 in Invocations
  3552 | Ossuary  | Reached XP level 8. HP: 56/57 MP: 15/16
  3622 | Ossuary  | Reached skill level 3 in Fighting
  3622 | Ossuary  | Reached skill level 3 in Short Blades
  3622 | Ossuary  | Reached skill level 3 in Long Blades
  3622 | Ossuary  | Reached skill level 3 in Axes
  3622 | Ossuary  | Reached skill level 3 in Maces & Flails
  3622 | Ossuary  | Reached skill level 3 in Polearms
  3622 | Ossuary  | Reached skill level 3 in Staves
  3622 | Ossuary  | Reached skill level 3 in Slings
  3622 | Ossuary  | Reached skill level 3 in Bows
  3622 | Ossuary  | Reached skill level 3 in Crossbows
  3622 | Ossuary  | Reached skill level 3 in Throwing
  3622 | Ossuary  | Reached skill level 3 in Armour
  3622 | Ossuary  | Reached skill level 3 in Shields
  3622 | Ossuary  | Reached skill level 3 in Unarmed Combat
  3622 | Ossuary  | Reached skill level 3 in Evocations
  3885 | Ossuary  | Reached skill level 6 in Spellcasting
  4475 | D:4      | Killed Edmund
  4856 | D:4      | Noticed Sigmund
  4862 | D:4      | Killed Sigmund
  4863 | D:4      | Reached skill level 3 in Hexes
  4863 | D:4      | Reached skill level 3 in Summonings
  4863 | D:4      | Reached skill level 3 in Necromancy
  4863 | D:4      | Reached skill level 3 in Translocations
  4863 | D:4      | Reached skill level 3 in Transmutations
  4863 | D:4      | Reached skill level 3 in Fire Magic
  4863 | D:4      | Reached skill level 3 in Ice Magic
  4863 | D:4      | Reached skill level 3 in Air Magic
  4863 | D:4      | Reached skill level 3 in Earth Magic
  4863 | D:4      | Reached skill level 3 in Poison Magic
  4863 | D:4      | Reached skill level 4 in Invocations
  4933 | D:4      | Reached skill level 6 in Dodging
  5172 | D:4      | Reached XP level 9. HP: 65/65 MP: 18/18
  5257 | D:5      | Entered Level 5 of the Dungeon
  5392 | D:5      | Found a glowing drain.
  5396 | Sewer    | Entered a sewer
  6270 | D:5      | Found a shimmering blue altar of Sif Muna.
  6437 | D:5      | Reached skill level 4 in Fighting
  6437 | D:5      | Reached skill level 4 in Short Blades
  6437 | D:5      | Reached skill level 4 in Long Blades
  6437 | D:5      | Reached skill level 4 in Axes
  6437 | D:5      | Reached skill level 4 in Maces & Flails
  6437 | D:5      | Reached skill level 4 in Polearms
  6437 | D:5      | Reached skill level 4 in Staves
  6437 | D:5      | Reached skill level 4 in Slings
  6437 | D:5      | Reached skill level 4 in Bows
  6437 | D:5      | Reached skill level 4 in Crossbows
  6437 | D:5      | Reached skill level 4 in Throwing
  6437 | D:5      | Reached skill level 4 in Armour
  6437 | D:5      | Reached skill level 4 in Shields
  6437 | D:5      | Reached skill level 4 in Unarmed Combat
  6437 | D:5      | Reached skill level 4 in Evocations
  6485 | D:4      | Found a hide-covered altar of Uskayaw.
  6826 | D:5      | Found a stormy altar of Qazlal.
  7183 | D:5      | Found a runed translucent gate.
  7183 | D:5      | Found a runed translucent gate.
  7183 | D:5      | Found a runed translucent gate.
  7183 | D:5      | Noticed pascalblue's ghost (novice DEEE)
  7186 | D:5      | Found a roughly hewn altar of Beogh.
  7204 | D:5      | Killed pascalblue's ghost
  7205 | D:5      | Reached skill level 6 in Stealth
  7205 | D:5      | Reached skill level 8 in Conjurations
  7379 | D:6      | Found a staircase to the Ecumenical Temple.
  7474 | Temple   | Entered the Ecumenical Temple
  7773 | Temple   | Became a worshipper of Cheibriados the Contemplative
  7968 | D:6      | Reached skill level 5 in Invocations
  8325 | D:6      | Found a burning altar of Makhleb.
  8614 | D:5      | Identified Sif Muna's Catalogue of the Sixty-Six Visions
  8628 | D:7      | Reached skill level 7 in Spellcasting
  8630 | D:7      | Reached * piety under Cheibriados
  8633 | D:7      | Reached skill level 4 in Hexes
  8633 | D:7      | Reached skill level 4 in Summonings
  8633 | D:7      | Reached skill level 4 in Necromancy
  8633 | D:7      | Reached skill level 4 in Translocations
  8633 | D:7      | Reached skill level 4 in Transmutations
  8633 | D:7      | Reached skill level 4 in Fire Magic
  8633 | D:7      | Reached skill level 4 in Ice Magic
  8633 | D:7      | Reached skill level 4 in Air Magic
  8633 | D:7      | Reached skill level 4 in Earth Magic
  8633 | D:7      | Reached skill level 4 in Poison Magic
  8633 | D:7      | Reached XP level 10. HP: 60/73 MP: 18/20
  8750 | D:7      | Reached skill level 5 in Fighting
  8750 | D:7      | Reached skill level 5 in Short Blades
  8750 | D:7      | Reached skill level 5 in Long Blades
  8750 | D:7      | Reached skill level 5 in Axes
  8750 | D:7      | Reached skill level 5 in Maces & Flails
  8750 | D:7      | Reached skill level 5 in Polearms
  8750 | D:7      | Reached skill level 5 in Staves
  8750 | D:7      | Reached skill level 5 in Slings
  8750 | D:7      | Reached skill level 5 in Bows
  8750 | D:7      | Reached skill level 5 in Crossbows
  8750 | D:7      | Reached skill level 5 in Throwing
  8750 | D:7      | Reached skill level 5 in Armour
  8750 | D:7      | Reached skill level 5 in Shields
  8750 | D:7      | Reached skill level 5 in Unarmed Combat
  8750 | D:7      | Reached skill level 5 in Evocations
  9003 | D:7      | Reached ** piety under Cheibriados
  9274 | D:7      | Found a shadowy altar of Dithmenos.
  9281 | D:7      | Reached skill level 7 in Dodging
 10336 | D:8      | Noticed a two-headed ogre
 10342 | D:8      | Killed a two-headed ogre
 10343 | D:8      | Reached skill level 7 in Stealth
 10343 | D:8      | Reached skill level 6 in Invocations
 10347 | D:8      | Noticed a gargoyle
 10350 | D:8      | Reached *** piety under Cheibriados
 10352 | D:8      | Killed a gargoyle
 10576 | D:8      | Killed an unseen horror
 10577 | D:8      | Reached XP level 11. HP: 72/81 MP: 22/22
 11030 | D:8      | Reached skill level 6 in Fighting
 11030 | D:8      | Reached skill level 6 in Short Blades
 11030 | D:8      | Reached skill level 6 in Long Blades
 11030 | D:8      | Reached skill level 6 in Axes
 11030 | D:8      | Reached skill level 6 in Maces & Flails
 11030 | D:8      | Reached skill level 6 in Polearms
 11030 | D:8      | Reached skill level 6 in Staves
 11030 | D:8      | Reached skill level 6 in Slings
 11030 | D:8      | Reached skill level 6 in Bows
 11030 | D:8      | Reached skill level 6 in Crossbows
 11030 | D:8      | Reached skill level 6 in Throwing
 11030 | D:8      | Reached skill level 6 in Armour
 11030 | D:8      | Reached skill level 6 in Shields
 11030 | D:8      | Reached skill level 6 in Unarmed Combat
 11030 | D:8      | Reached skill level 6 in Evocations
 11131 | D:8      | Noticed a boulder beetle
 11138 | D:8      | Noticed a skeletal warrior
 11148 | D:8      | Killed a skeletal warrior
 11149 | D:8      | Reached skill level 5 in Hexes
 11149 | D:8      | Reached skill level 5 in Summonings
 11149 | D:8      | Reached skill level 5 in Necromancy
 11149 | D:8      | Reached skill level 5 in Translocations
 11149 | D:8      | Reached skill level 5 in Transmutations
 11149 | D:8      | Reached skill level 5 in Fire Magic
 11149 | D:8      | Reached skill level 5 in Ice Magic
 11149 | D:8      | Reached skill level 5 in Air Magic
 11149 | D:8      | Reached skill level 5 in Earth Magic
 11149 | D:8      | Reached skill level 5 in Poison Magic
 11159 | D:8      | You pick up a book of Debilitation and begin reading...
 11159 | D:8      | You add the spells Corona, Slow, Inner Flame, Portal
                  | Projectile, Cause Fear and Leda's Liquefaction to your
                  | library.
 11162 | D:8      | Got a fine quarterstaff
 11171 | D:8      | Identified the +4 quarterstaff of Aliphaw {vorpal, Str+3
                  | Int+2 Dex+6} (You found it on level 8 of the Dungeon)
 11512 | D:8      | Killed a boulder beetle
 11513 | D:8      | Reached skill level 8 in Spellcasting
 12196 | D:9      | Reached **** piety under Cheibriados
 12670 | D:9      | Reached skill level 9 in Conjurations
 12670 | D:9      | Reached skill level 7 in Invocations
 13046 | D:9      | Got a faintly glowing leather armour
 13057 | D:9      | Identified the +2 leather armour of a Thousand Brambles
                  | {rF+ rC- Regen+ Dex+4} (You found it on level 9 of the
                  | Dungeon)
 13111 | D:9      | Reached skill level 8 in Dodging
 13135 | D:9      | Reached ***** piety under Cheibriados
 13938 | D:10     | Entered Level 10 of the Dungeon
 13953 | D:10     | Noticed Erolcha
 13960 | D:10     | Killed Erolcha
 14082 | D:10     | Noticed a centaur warrior
 14091 | D:10     | Killed a centaur warrior
 14092 | D:10     | Reached skill level 8 in Stealth
 14212 | D:10     | Noticed a two-headed ogre
 14217 | D:10     | Noticed a death yak
 14218 | D:10     | Killed a two-headed ogre
 14219 | D:10     | Reached XP level 12. HP: 80/89 MP: 21/24
 14223 | D:10     | Noticed a death yak
 14225 | D:10     | Noticed a death yak
 14232 | D:10     | Killed a death yak
 14233 | D:10     | Reached skill level 7 in Fighting
 14233 | D:10     | Reached skill level 7 in Short Blades
 14233 | D:10     | Reached skill level 7 in Long Blades
 14233 | D:10     | Reached skill level 7 in Axes
 14233 | D:10     | Reached skill level 7 in Maces & Flails
 14233 | D:10     | Reached skill level 7 in Polearms
 14233 | D:10     | Reached skill level 7 in Staves
 14233 | D:10     | Reached skill level 7 in Slings
 14233 | D:10     | Reached skill level 7 in Bows
 14233 | D:10     | Reached skill level 7 in Crossbows
 14233 | D:10     | Reached skill level 7 in Throwing
 14233 | D:10     | Reached skill level 7 in Armour
 14233 | D:10     | Reached skill level 7 in Shields
 14233 | D:10     | Reached skill level 7 in Unarmed Combat
 14233 | D:10     | Reached skill level 7 in Evocations
 14235 | D:10     | Noticed Harold
 14243 | D:10     | Killed a death yak
 14251 | D:10     | Killed Harold
 14253 | D:10     | HP: 11/91 [death yak (22)]
 14254 | D:10     | Killed a death yak
 14594 | D:10     | Found a staircase to the Lair.
 14608 | D:10     | Reached skill level 6 in Hexes
 14608 | D:10     | Reached skill level 6 in Summonings
 14608 | D:10     | Reached skill level 6 in Necromancy
 14608 | D:10     | Reached skill level 6 in Translocations
 14608 | D:10     | Reached skill level 6 in Transmutations
 14608 | D:10     | Reached skill level 6 in Fire Magic
 14608 | D:10     | Reached skill level 6 in Ice Magic
 14608 | D:10     | Reached skill level 6 in Air Magic
 14608 | D:10     | Reached skill level 6 in Earth Magic
 14608 | D:10     | Reached skill level 6 in Poison Magic
 14906 | D:10     | Identified a scroll of acquirement
 14907 | D:10     | Acquired the ring "Qinuipn" {rPois Dex+7}
 14937 | D:10     | Found Huuqoac's Weapon Boutique.
 14941 | D:10     | You pick up a book of Air and begin reading...
 14941 | D:10     | You add the spells Shock, Swiftness, Static Discharge,
                  | Airstrike and Lightning Bolt to your library.
 15021 | D:10     | Reached skill level 8 in Invocations
 15256 | Lair:1   | Entered Level 1 of the Lair of Beasts
 15268 | Lair:1   | Reached skill level 9 in Spellcasting
 15556 | Lair:1   | Learned a level 4 spell: Airstrike
 16202 | Lair:1   | Reached skill level 9 in Dodging
 16896 | Lair:2   | Reached skill level 9 in Stealth
 16896 | Lair:2   | Reached XP level 13. HP: 98/98 MP: 26/26
 17297 | Lair:2   | Reached skill level 8 in Fighting
 17297 | Lair:2   | Reached skill level 8 in Short Blades
 17297 | Lair:2   | Reached skill level 8 in Long Blades
 17297 | Lair:2   | Reached skill level 8 in Axes
 17297 | Lair:2   | Reached skill level 8 in Maces & Flails
 17297 | Lair:2   | Reached skill level 8 in Polearms
 17297 | Lair:2   | Reached skill level 8 in Staves
 17297 | Lair:2   | Reached skill level 8 in Slings
 17297 | Lair:2   | Reached skill level 8 in Bows
 17297 | Lair:2   | Reached skill level 8 in Crossbows
 17297 | Lair:2   | Reached skill level 8 in Throwing
 17297 | Lair:2   | Reached skill level 8 in Armour
 17297 | Lair:2   | Reached skill level 8 in Shields
 17297 | Lair:2   | Reached skill level 8 in Unarmed Combat
 17297 | Lair:2   | Reached skill level 8 in Evocations
 17746 | Lair:3   | Found a frozen archway.
 17779 | IceCv    | Entered an ice cave
 17885 | IceCv    | Found a transporter.
 17936 | IceCv    | Found a transporter.
 18174 | Lair:3   | Reached skill level 9 in Invocations
 18198 | Lair:3   | Reached ****** piety under Cheibriados
 18203 | Lair:3   | Reached skill level 10 in Conjurations
 18428 | Lair:3   | Found a hazy altar of Hepliaklqana.
 18463 | Lair:3   | Reached skill level 7 in Hexes
 18463 | Lair:3   | Reached skill level 7 in Summonings
 18463 | Lair:3   | Reached skill level 7 in Necromancy
 18463 | Lair:3   | Reached skill level 7 in Translocations
 18463 | Lair:3   | Reached skill level 7 in Transmutations
 18463 | Lair:3   | Reached skill level 7 in Fire Magic
 18463 | Lair:3   | Reached skill level 7 in Ice Magic
 18463 | Lair:3   | Reached skill level 7 in Air Magic
 18463 | Lair:3   | Reached skill level 7 in Earth Magic
 18463 | Lair:3   | Reached skill level 7 in Poison Magic
 18813 | Lair:3   | Found a staircase to the Snake Pit.
 20001 | Lair:4   | Reached skill level 10 in Spellcasting
 20432 | Lair:4   | Reached XP level 14. HP: 106/106 MP: 28/28
 20523 | Lair:4   | Reached skill level 10 in Dodging
 20730 | Lair:4   | Reached skill level 9 in Fighting
 20730 | Lair:4   | Reached skill level 9 in Short Blades
 20730 | Lair:4   | Reached skill level 9 in Long Blades
 20730 | Lair:4   | Reached skill level 9 in Axes
 20730 | Lair:4   | Reached skill level 9 in Maces & Flails
 20730 | Lair:4   | Reached skill level 9 in Polearms
 20730 | Lair:4   | Reached skill level 9 in Staves
 20730 | Lair:4   | Reached skill level 9 in Slings
 20730 | Lair:4   | Reached skill level 9 in Bows
 20730 | Lair:4   | Reached skill level 9 in Crossbows
 20730 | Lair:4   | Reached skill level 9 in Throwing
 20730 | Lair:4   | Reached skill level 9 in Armour
 20730 | Lair:4   | Reached skill level 9 in Shields
 20730 | Lair:4   | Reached skill level 9 in Unarmed Combat
 20730 | Lair:4   | Reached skill level 9 in Evocations
 21473 | Lair:4   | Found a staircase to the Swamp.
 21671 | Lair:5   | Reached skill level 10 in Stealth
 21746 | Lair:5   | Found a shadowy altar of Dithmenos.
 21947 | Lair:5   | Found a runed translucent door.
 22015 | Lair:5   | Found a snail-covered altar of Cheibriados.
 22679 | Lair:5   | Found a viscous altar of Jiyva.
 22681 | Lair:5   | Found a staircase to the Slime Pits.
 22878 | Lair:6   | Entered Level 6 of the Lair of Beasts
 22885 | Lair:5   | Reached skill level 10 in Invocations
 23148 | Lair:6   | Got a warped dagger
 23149 | Lair:6   | Identified the +3 dagger "Tulot" {vamp, Int+2} (You found
                  | it on level 6 of the Lair of Beasts)
 24085 | D:11     | Found a broken altar of Ashenzari.
 25092 | D:12     | Got a twisted long sword
 25101 | D:12     | Identified the +2 long sword of Moral Flaws {antimagic, rN+
                  | Str-5 Int+3} (You found it on level 12 of the Dungeon)
 25355 | D:12     | Reached skill level 8 in Hexes
 25355 | D:12     | Reached skill level 8 in Summonings
 25355 | D:12     | Reached skill level 8 in Necromancy
 25355 | D:12     | Reached skill level 8 in Translocations
 25355 | D:12     | Reached skill level 8 in Transmutations
 25355 | D:12     | Reached skill level 8 in Fire Magic
 25355 | D:12     | Reached skill level 8 in Ice Magic
 25355 | D:12     | Reached skill level 8 in Air Magic
 25355 | D:12     | Reached skill level 8 in Earth Magic
 25355 | D:12     | Reached skill level 8 in Poison Magic
 25835 | D:12     | Found a staircase to the Orcish Mines.
 25850 | D:12     | Learned a level 5 spell: Lightning Bolt
 26752 | Orc:1    | Entered Level 1 of the Orcish Mines
 27041 | Orc:1    | Reached XP level 15. HP: 97/115 MP: 0/29
 27695 | Orc:1    | You fall into a shaft and drop 1 floor!
 27695 | Orc:2    | Entered Level 2 of the Orcish Mines
 27695 | Orc:2    | Found a roughly hewn altar of Beogh.
 28020 | Orc:2    | Found Zeotu's Book Emporium.
 28031 | Orc:2    | Found Omuib's Weapon Shoppe.
 28042 | Orc:2    | Reached skill level 11 in Spellcasting
 28166 | Orc:2    | Noticed Sonja
 28168 | Orc:2    | Killed Sonja
 29671 | Orc:2    | Reached skill level 10 in Fighting
 29671 | Orc:2    | Reached skill level 10 in Short Blades
 29671 | Orc:2    | Reached skill level 10 in Long Blades
 29671 | Orc:2    | Reached skill level 10 in Axes
 29671 | Orc:2    | Reached skill level 10 in Maces & Flails
 29671 | Orc:2    | Reached skill level 10 in Polearms
 29671 | Orc:2    | Reached skill level 10 in Staves
 29671 | Orc:2    | Reached skill level 10 in Slings
 29671 | Orc:2    | Reached skill level 10 in Bows
 29671 | Orc:2    | Reached skill level 10 in Crossbows
 29671 | Orc:2    | Reached skill level 10 in Throwing
 29671 | Orc:2    | Reached skill level 10 in Armour
 29671 | Orc:2    | Reached skill level 10 in Shields
 29671 | Orc:2    | Reached skill level 10 in Unarmed Combat
 29671 | Orc:2    | Reached skill level 10 in Evocations
 29817 | Orc:2    | You pick up a book of Spatial Translocations and begin
                  | reading...
 29817 | Orc:2    | You add the spells Blink, Lesser Beckoning, Gell's
                  | Gravitas, Teleport Other and Passage of Golubria to your
                  | library.
 29821 | Orc:2    | Learned a level 2 spell: Blink
 30323 | Orc:2    | Found a staircase to the Elven Halls.
 30381 | Orc:2    | HP: 17/115 [orc sorcerer/bolt of fire (32)]
 30871 | Orc:2    | Noticed an orc warlord
 30884 | Orc:2    | Killed an orc warlord
 30885 | Orc:2    | Reached skill level 11 in Dodging
 31215 | Orc:2    | Found a roughly hewn altar of Beogh.
 31221 | Orc:2    | Reached skill level 11 in Conjurations
 31551 | Orc:2    | Found Ygoded's Magic Scroll Shoppe.
 31587 | Orc:2    | Found Pabail's Weapon Emporium.
 31792 | Orc:2    | Reached skill level 11 in Invocations
 32307 | Orc:2    | Bought a book of the Sky for 650 gold pieces
 32307 | Orc:2    | You pick up a book of the Sky and begin reading...
 32307 | Orc:2    | You add the spells Summon Lightning Spire, Silence, Conjure
                  | Ball Lightning and Tornado to your library.
 32312 | Orc:2    | Learned a level 4 spell: Summon Lightning Spire
 32371 | Orc:2    | Bought a scroll of acquirement for 728 gold pieces
 32371 | Orc:2    | Acquired a +0 helmet of see invisible
 32916 | Lair:6   | Reached skill level 11 in Stealth
 33197 | Lair:6   | Found a transporter.
 33243 | Lair:6   | Found a transporter.
 33248 | Lair:6   | Noticed mankey1987's ghost (journeyman OgBe)
 33949 | Lair:6   | Reached XP level 16. HP: 89/123 MP: 12/31
 34406 | Lair:6   | You add the spells Haunt, Borgnjor's Revivification,
                  | Infestation, Necromutation and Death's Door to your
                  | library.
 34406 | Lair:6   | You pick up a book of Burglary and begin reading...
 34406 | Lair:6   | You add the spells Passwall, Lee's Rapid Deconstruction and
                  | Invisibility to your library.
 34812 | Lair:6   | Killed mankey1987's ghost
 34813 | Lair:6   | Reached skill level 9 in Hexes
 34813 | Lair:6   | Reached skill level 9 in Summonings
 34813 | Lair:6   | Reached skill level 9 in Necromancy
 34813 | Lair:6   | Reached skill level 9 in Translocations
 34813 | Lair:6   | Reached skill level 9 in Transmutations
 34813 | Lair:6   | Reached skill level 9 in Fire Magic
 34813 | Lair:6   | Reached skill level 9 in Ice Magic
 34813 | Lair:6   | Reached skill level 9 in Air Magic
 34813 | Lair:6   | Reached skill level 9 in Earth Magic
 34813 | Lair:6   | Reached skill level 9 in Poison Magic
 35067 | Lair:6   | Got a shimmering iron ring
 35093 | Lair:6   | Got a masterwork quarterstaff
 35095 | Lair:6   | Identified the ring of the Butterfly {Will+ Str+4} (You
                  | found it on level 6 of the Lair of Beasts)
 35299 | D:13     | Found a flagged portal.
 35308 | Bailey   | Entered a bailey
 35952 | D:13     | Got an ominously black robe
 36118 | D:13     | Identified the +0 robe of Sif Muna's Benevolence {Str+2
                  | Slay+3 Stlth+} (You found it on level 13 of the Dungeon)
 36327 | D:13     | Found a gate to the Vaults.
 37108 | D:14     | Found a runed translucent door.
 37268 | D:14     | Noticed Josephine
 37274 | D:14     | Killed Josephine
 37538 | D:14     | Found a runed translucent door.
 37577 | D:14     | Found a portal to a secret trove of treasure.
 37705 | D:14     | This trove needs 8 potions of haste to function. Give it
                  | the items?
 38023 | D:14     | Noticed Kirke
 38048 | D:14     | Killed Kirke
 38970 | D:14     | Reached skill level 11 in Fighting
 38970 | D:14     | Reached skill level 11 in Short Blades
 38970 | D:14     | Reached skill level 11 in Long Blades
 38970 | D:14     | Reached skill level 11 in Axes
 38970 | D:14     | Reached skill level 11 in Maces & Flails
 38970 | D:14     | Reached skill level 11 in Polearms
 38970 | D:14     | Reached skill level 11 in Staves
 38970 | D:14     | Reached skill level 11 in Slings
 38970 | D:14     | Reached skill level 11 in Bows
 38970 | D:14     | Reached skill level 11 in Crossbows
 38970 | D:14     | Reached skill level 11 in Throwing
 38970 | D:14     | Reached skill level 11 in Armour
 38970 | D:14     | Reached skill level 11 in Shields
 38970 | D:14     | Reached skill level 11 in Unarmed Combat
 38970 | D:14     | Reached skill level 11 in Evocations
 39059 | D:14     | You pick up a book of the Tempests and begin reading...
 39059 | D:14     | You add the spells Ignition and Shatter to your library.
 39180 | D:15     | Entered Level 15 of the Dungeon
 39192 | D:15     | Noticed Jorgrun
 39381 | D:15     | Reached skill level 12 in Spellcasting
 39417 | D:15     | Noticed Nessos
 39613 | D:15     | Killed Jorgrun
 39614 | D:15     | Reached skill level 12 in Invocations
 40128 | D:15     | Killed Nessos
 40612 | D:15     | Found a staircase to the Depths.
 40759 | D:15     | Reached skill level 12 in Dodging
 41394 | Swamp:1  | Entered Level 1 of the Swamp
 41400 | Swamp:1  | Reached XP level 17. HP: 131/131 MP: 18/33
 42498 | Swamp:2  | Reached skill level 12 in Stealth
 43175 | Swamp:2  | Identified Roxanne's Handbook of the Mountains
 43175 | Swamp:2  | Noticed Roxanne
 43190 | Swamp:2  | Killed Roxanne
 43322 | Swamp:2  | You pick up a book of Callings and begin reading...
 43322 | Swamp:2  | You add the spells Summon Small Mammal, Call Imp, Call
                  | Canine Familiar, Summon Guardian Golem and Summon Ice Beast
                  | to your library.
 43514 | Swamp:2  | Got a scorched leather armour
 43525 | Swamp:2  | Identified the +1 leather armour of the Yeti {MP+9} (You
                  | found it on level 2 of the Swamp)
 43640 | Swamp:3  | HP: 20/131 [will-o-the-wisp/foxfire (19)]
 43641 | Swamp:3  | Mangled by a bunyip

Vanquished Creatures
  Kirke (D:14)
  Roxanne (Swamp:2)
  An orc warlord (Orc:2)
  The ghost of mankey1987 the Spry, a journeyman OgBe of Trog (Lair:6)
  An ironheart preserver (D:13)
  Nessos (D:15)
  A dire elephant (D:15)
  A bunyip (Swamp:1)
  An eleionoma (Swamp:2)
  Josephine (D:14)
  Erolcha (D:10)
  Harold (D:10)
  6 boulder beetles
  A ghost crab (Swamp:2)
  8 hydras
  2 catoblepae
  8 two-headed ogres
  2 death knights (D:15)
  4 centaur warriors
  4 alligators
  7 death yaks
  5 orc high priests
  Sonja (Orc:2)
  2 skeletal warriors
  A swamp dragon (Swamp:2)
  3 bog bodies
  2 unseen horrors
  2 goliath frogs
  6 orc knights
  A phantasmal warrior (D:15)
  A wizard (D:14)
  5 orc sorcerers
  3 oklob plants (Lair:4)
  A wolf spider zombie (D:13)
  The ghost of pascalblue the Geomancer, a novice DEEE (D:5)
  11 ugly things
  A deep elf mage (D:14)
  A salamander (D:15)
  8 cyclopes
  A wolf spider (D:15)
  4 elephants
  6 black mambas
  A moth of wrath (Lair:6)
  2 ice statues (IceCv)
  12 cane toads
  2 gargoyles
  5 torpor snails
  12 komodo dragons
  3 freezing wraiths (D:15)
  6 rime drakes
  4 kobold demonologists
  A yaktaur (D:12)
  A redback zombie (D:15)
  A bloated husk (Swamp:1)
  A queen bee (D:9)
  A harpy zombie (D:15)
  2 trolls
  A wolf spider simulacrum (D:14)
  4 hornets
  6 slime creatures (D:12)
  3 tyrant leeches (Swamp:1)
  7 polar bears
  11 dream sheep
  10 blink frogs
  A meliai zombie (D:13)
  A vampire (D:13)
  Sigmund (D:4)
  13 spriggans
  66 yaks
  6 wraiths
  A shadow (D:13)
  3 water elementals (D:15)
  4 basilisks
  7 wyverns
  4 hogs (D:14)
  2 steam dragons
  3 vampire mosquitoes (Swamp:1)
  A basilisk (shapeshifter) (D:13)
  5 wargs (Orc:2)
  Edmund (D:4)
  5 swamp worms
  An acid dragon (D:14)
  A soldier ant (D:11)
  23 water moccasins
  A hornet zombie (D:11)
  13 ice beasts
  7 black bears
  53 orc warriors
  4 sky beasts
  4 phantoms
  22 wolves
  14 ogres
  2 necrophages
  17 centaurs
  4 boggarts (Lair:6)
  6 big kobolds
  Blork the orc (D:4)
  17 bullfrogs
  A wyvern zombie (D:12)
  A water moccasin zombie (D:7)
  A wyvern skeleton (D:11)
  2 water moccasin skeletons (D:8)
  5 scorpions
  10 killer bees
  6 wights
  4 howler monkeys
  8 electric eels
  4 bullfrog zombies
  3 centaur zombies (Ossuary)
  4 hounds
  A gnoll shaman (D:7)
  3 iron imps (D:6)
  36 orc priests
  6 bullfrog skeletons
  9 centaur skeletons
  2 jellies
  26 orc wizards
  Crazy Yiuf (D:2)
  5 iguanas
  A hell rat (Lair:1)
  11 worker ants
  3 killer bee zombies
  7 hound zombies
  4 hound skeletons
  14 mummies (Ossuary)
  2 worker ant zombies (Ossuary)
  7 gnolls
  26 adders
  A howler monkey skeleton (D:9)
  5 river rats (Lair:1)
  A shadow imp (D:8)
  5 white imps
  An ufetubus (D:9)
  10 oozes
  2 adder zombies (Ossuary)
  An adder skeleton (D:5)
  4 worms
  14 leopard geckos
  147 orcs
  13 ball pythons
  16 giant cockroaches
  2 hobgoblins (D:3)
  9 jackals
  5 quokkas
  9 bats
  24 frilled lizards
  A giant cockroach zombie (Ossuary)
  10 goblins
  A jackal skeleton (D:4)
  A jackal zombie (Ossuary)
  32 kobolds
  A leopard gecko skeleton (D:9)
  A leopard gecko zombie (Ossuary)
  A quokka skeleton (D:2)
  A quokka zombie (Ossuary)
  12 rats
1073 creatures vanquished.

Vanquished Creatures (collateral kills)
  Jorgrun (D:15)
  2 bunyips (Swamp:2)
  An alligator (Swamp:2)
  A centaur warrior (D:14)
  2 death yaks
  2 goliath frogs
  An orc knight (Bailey)
  2 ugly things (D:14)
  A manticore (D:15)
  An elephant (Lair:6)
  A torpor snail (Lair:6)
  A cane toad (Lair:6)
  A centaur skeleton (D:14)
  An efreet (D:14)
  A komodo dragon (D:14)
  A freezing wraith (D:15)
  A troll (D:14)
  2 tyrant leeches (Swamp:2)
  A water elemental (D:15)
  3 wraiths (D:14)
  2 yaks (Lair:6)
  2 wyverns
  2 hogs (D:14)
  A swamp worm (Swamp:1)
  3 water moccasins (Lair:6)
  3 orc warriors (Bailey)
  A black bear (Lair:6)
  3 wolves
  A centaur (D:14)
  A bullfrog (D:13)
  A killer bee (D:13)
  2 howler monkeys (D:13)
  An iguana (D:14)
  3 orcs
  3 goblins (D:13)
56 creatures vanquished.

Vanquished Creatures (others)
  A hydra (Swamp:1)
  2 vampire mosquitoes (Swamp:1)
  A big kobold (D:14)
  An orc priest (Orc:2)
  A kobold (D:14)
  6 foxfires (Swamp:3)
  37 fulminant prisms
  47 fungi
  100 plants
  4 withered plants (Ossuary)
200 creatures vanquished.

Grand Total: 1329 creatures vanquished

Table legend:
 A = Non-vault XP
 B = Vault XP
 C = Vault XP percentage of total XP
 D = Non-vault monster count
 E = Vault monster count
 F = Vault count percentage of total count
                 A         B        C        D         E       F
            +---------+---------+-------+---------+---------+-------
      Total |  113599 |   86363 |  43.2 |     629 |     503 |  44.4
            +---------+---------+-------+---------+---------+-------
        D:1 |      26 |       0 |   0.0 |      20 |       0 |   0.0
        D:2 |     111 |      39 |  26.0 |      25 |       1 |   3.8
        D:3 |     266 |       0 |   0.0 |      28 |       0 |   0.0
        D:4 |     638 |     484 |  43.1 |      29 |       5 |  14.7
        D:5 |     321 |     756 |  70.2 |      10 |      17 |  63.0
        D:6 |     683 |     125 |  15.5 |      14 |       3 |  17.6
        D:7 |    1562 |     124 |   7.4 |      30 |       1 |   3.2
        D:8 |    3764 |    2140 |  36.2 |      33 |      11 |  25.0
        D:9 |    2207 |     934 |  29.7 |      40 |      12 |  23.1
       D:10 |    3366 |    5584 |  62.4 |      14 |      10 |  41.7
       D:11 |    5969 |       0 |   0.0 |      42 |       0 |   0.0
       D:12 |    7019 |    2405 |  25.5 |      29 |      27 |  48.2
       D:13 |    2086 |    2687 |  56.3 |       9 |      14 |  60.9
       D:14 |    9153 |   12035 |  56.8 |      29 |      34 |  54.0
       D:15 |    8056 |    6617 |  45.1 |      25 |       6 |  19.4
     Lair:1 |    5239 |     248 |   4.5 |      21 |      14 |  40.0
     Lair:2 |    5212 |       0 |   0.0 |      26 |       0 |   0.0
     Lair:3 |    7416 |    3577 |  32.5 |      25 |      20 |  44.4
     Lair:4 |    7830 |    3354 |  30.0 |      30 |       8 |  21.1
     Lair:5 |    8125 |    2293 |  22.0 |      20 |      12 |  37.5
     Lair:6 |   10414 |   13081 |  55.7 |      33 |      50 |  60.2
    Swamp:1 |    8951 |       0 |   0.0 |      21 |       0 |   0.0
    Swamp:2 |    9400 |    1853 |  16.5 |      14 |       1 |   6.7
      Orc:1 |    5785 |       0 |   0.0 |      62 |       0 |   0.0
      Orc:2 |       0 |   21515 | 100.0 |       0 |     149 | 100.0
      Sewer |       0 |     168 | 100.0 |       0 |      48 | 100.0
    Ossuary |       0 |     806 | 100.0 |       0 |      34 | 100.0
     Bailey |       0 |    2758 | 100.0 |       0 |      16 | 100.0
      IceCv |       0 |    2780 | 100.0 |       0 |      10 | 100.0
            +---------+---------+-------+---------+---------+-------

Illustrated notes

Table legend:
 A = Kills in this place as a percentage of kills in entire the game.
 B = Kills by you in this place as a percentage of kills by you in the entire game.
 C = Kills by friends in this place as a percentage of kills by friends in the entire game.
 D = Other kills in this place as a percentage of other kills in the entire game.
 E = Experience gained in this place as a percentage of experience gained in the entire game.
 F = Experience gained in this place divided by the number of levels of this place that you have seen.
                   A       B       C       D       E      F
               +-------+-------+-------+-------+-------+----------------------
         Total | 100.0 | 100.0 | 100.0 | 100.0 | 100.0 | 6450.4
       Dungeon |  45.8 |  45.5 |  51.8 |  33.3 |  39.6 | 5277.1
          Lair |  22.9 |  22.8 |  25.0 |   0.0 |  33.4 | 11131.5
         Swamp |   3.2 |   2.4 |  14.3 |  66.7 |  10.1 | 6734.7
  Orcish Mines |  18.6 |  19.7 |   0.0 |   0.0 |  13.7 | 13650.0
         Sewer |   4.2 |   4.5 |   0.0 |   0.0 |   0.1 | 168.0
       Ossuary |   3.0 |   3.2 |   0.0 |   0.0 |   0.4 | 806.0
        Bailey |   1.4 |   1.0 |   8.9 |   0.0 |   1.4 | 2758.0
      Ice Cave |   0.9 |   0.9 |   0.0 |   0.0 |   1.4 | 2780.0
               +-------+-------+-------+-------+-------+----------------------

Table legend: (Time is in decaauts)
 A = Elapsed time spent in this place.
 B = Non-inter-level travel time spent in this place.
 C = Inter-level travel time spent in this place.
 D = Time resting spent in this place.
 E = Time spent auto-exploring this place.
 F = Levels seen in this place.
 G = Mean time per level.
                   A        B        C        D        E       F      G
               +--------+--------+--------+--------+--------+-----+--------+
         Total |  57065 |  53561 |   3504 |    149 |  46249 |  31 | 1840.8 |
       Dungeon |  28946 |  27630 |   1316 |     75 |  24078 |  15 | 1929.7 |
        Temple |    387 |    225 |    162 |      0 |    221 |   1 |  387.0 |
          Lair |  15322 |  13841 |   1481 |     17 |  12155 |   6 | 2553.7 |
         Swamp |   2785 |   2597 |    188 |      0 |   2370 |   3 |  928.3 |
  Orcish Mines |   6891 |   6536 |    355 |     57 |   5378 |   2 | 3445.5 |
         Sewer |    659 |    659 |      0 |      0 |    514 |   1 |  659.0 |
       Ossuary |   1135 |   1135 |      0 |      0 |    887 |   1 | 1135.0 |
        Bailey |    525 |    525 |      0 |      0 |    386 |   1 |  525.0 |
      Ice Cave |    412 |    412 |      0 |      0 |    258 |   1 |  412.0 |
               +--------+--------+--------+--------+--------+-----+--------+

Top non-repeatable levels by time:
   Orc:2: 5396 daAuts
    D:14: 4459 daAuts
    D:12: 3491 daAuts
  Lair:3: 3100 daAuts
  Lair:6: 2964 daAuts
     D:8: 2893 daAuts
  Lair:5: 2877 daAuts
  Lair:4: 2747 daAuts
     D:9: 2635 daAuts
    D:11: 2041 daAuts
    D:10: 1919 daAuts
    D:15: 1863 daAuts
  Lair:2: 1862 daAuts
    D:13: 1827 daAuts
 Swamp:1: 1804 daAuts
